 Dungeon Crawl Stone Soup version 0.16.0-16-g311141a (webtiles) character file.

8497 Huymann the Nimble (level 11, -2/72 HPs)
             Began as a High Elf Wizard on Mar 19, 2015.
             Was an Elder of Okawaru.
             Slain by a spiny frog (9 damage)
             ... while paralysed
             ... on level 1 of the Lair of Beasts.
             The game lasted 01:59:56 (12689 turns).

Huymann the Nimble (High Elf Wizard)               Turns: 12689, Time: 01:59:57

Health: -2/72      AC: 10    Str:  6    XL:     11   Next: 10%
Magic:  29/29      EV:  2    Int: 25    God:    Okawaru [****..]
Gold:   558        SH:  0    Dex: 15    Spells: 5 memorised, 15 levels left

rFire  . . .     SeeInvis .     R - +3 rapier (drain)
rCold  . . .     Clarity  .     S - +3 leather armour {rPois}
rNeg   . . .     SustAb   .     (no shield)
rPois  +         Gourm    .     b - +0 hat
rElec  .         Spirit   .     O - +1 cloak
rCorr  .         Warding  .     I - +0 pair of gloves
rMut   .         Stasis   .     C - +0 pair of boots
MR     ++...                    (no amulet)
Stlth  ++++......               D - ring of poison resistance
                                q - ring of protection from magic

@: paralysed, exhausted, very slightly contaminated, slowed, very resistant to
hostile enchantments, stealthy
A: no striking features
a: Heroism, Renounce Religion


You were on level 1 of the Lair of Beasts.
You worshipped Okawaru.
Okawaru was greatly pleased with you.
You were hungry.

You visited 3 branches of the dungeon, and saw 11 of its levels.

You collected 778 gold pieces.
You spent 220 gold pieces at shops.

Inventory:

Hand weapons
 e - a +2 dagger of venom
 H - a +0 shortbow
 K - a +3 quarterstaff of chaos
 P - a +0 long sword of holy wrath
 R - a +3 rapier of draining (weapon)
 T - a +0 blowgun
Missiles
 r - 48 poisoned needles
 y - 188 arrows
 E - 2 tomahawks (quivered)
Armour
 b - a +0 hat (worn)
 m - a +0 ice dragon armour
 C - a +0 pair of boots (worn)
 I - a +0 pair of gloves (worn)
 O - a +1 cloak (worn)
 S - a +3 leather armour of poison resistance (worn)
 W - a +0 buckler
Magical staves
 L - an uncursed staff of summoning
Jewellery
 n - an uncursed ring of flight
 q - a ring of protection from magic (left hand)
 D - a ring of poison resistance (right hand)
Magical devices
 a - a wand of flame (12)
 B - a wand of digging (8)
 F - a wand of invisibility (0)
 N - a wand of magic darts (14)
 V - a wand of flame (0)
Scrolls
 o - 3 scrolls of remove curse
 s - 6 scrolls of teleportation
 G - 2 scrolls of fear
 Q - 2 scrolls of amnesia
 X - a scroll of immolation {unknown}
Potions
 g - 3 potions of flight
 h - 2 potions of restore abilities
 k - a potion of ambrosia
 l - a potion of lignification
 p - 3 potions of might
 t - 2 potions of poison
 u - 2 potions of curing
 A - a potion of invisibility {unknown}
 M - 2 potions of agility
 U - 2 potions of heal wounds {unknown}
Books
 c - a book of Minor Magic

   Spells                             Type                      Level
   a - Magic Dart                     Conjuration                  1
   b - Blink                          Translocation                2
   c - Call Imp                       Summoning                    2
   d - Repel Missiles                 Charms/Air                   2
   e - Slow                           Hexes                        2
   f - Conjure Flame                  Conjuration/Fire             3
   g - Mephitic Cloud                 Conjuration/Poison/Air       3
 v - a Grand Grimoire {highlevel, unknown}

   This book is beyond your current level of understanding.

   Spells                             Type                      Level
   a - Aura of Abjuration             Summoning                    6
   b - Summon Greater Demon           Summoning                    7
   c - Malign Gateway                 Summoning/Translocation      7
   d - Summon Horrible Things         Summoning                    8
 J - a book of Maledictions

   Spells                             Type                      Level
   a - Corona                         Hexes                        1
   b - Sure Blade                     Hexes/Charms                 2
   c - Ensorcelled Hibernation        Hexes/Ice                    2
   d - Confuse                        Hexes                        3
   e - Dazzling Spray                 Conjuration/Hexes            3
   f - Enslavement                    Hexes                        4
Comestibles
 d - 10 bread rations
 f - 5 meat rations
 j - 7 fruits
 z - 2 royal jellies


   Skills:
 * Level 5.2 Fighting
 * Level 4.3 Short Blades
 + Level 0.6 Staves
 * Level 3.9 Bows
 + Level 0.2 Throwing
 * Level 2.4 Armour
 * Level 8.3 Dodging
 * Level 7.8 Stealth
 * Level 0.3 Shields
 * Level 8.3 Spellcasting
 * Level 6.9 Conjurations
 + Level 2.0 Summonings
 + Level 1.5 Translocations
 + Level 0.6 Fire Magic
 * Level 7.3 Air Magic
 + Level 2.1 Poison Magic
 + Level 0.2 Evocations


You had 15 spell levels left.
You knew the following spells:

 Your Spells              Type           Power        Failure   Level  Hunger
a - Magic Dart            Conj           ####         1%          1    None
b - Blink                 Tloc           N/A          10%         2    None
c - Call Imp              Summ           ###.....     8%          2    None
d - Mephitic Cloud        Conj/Pois/Air  #####...     2%          3    None
e - Conjure Flame         Conj/Fire      ####....     8%          3    None


Dungeon Overview and Level Annotations

Branches:
Dungeon (9/15)             Temple (1/1) D:7            Lair (1/8) D:9
    Orc (0/4) D:9

Altars:
Ashenzari
Cheibriados
Dithmenos
Elyvilon
Fedhas
Gozag
Kikubaaqudgha
Makhleb
Nemelex Xobeh
Okawaru
Qazlal
Ru
Sif Muna
Trog
Vehumet
Xom
Yredelemnul
Zin
The Shining One

Shops:
D:5 =   D:9 (

Annotations:
D:3 Grinder


Message History

Confirm with . or Enter, or press ? or * to list all spells.
You blink.
The teleport trap disappears.
The spiny frog disappears!
You start resting.
You start resting.
Drink which item? (? for menu, Esc to quit)
It was a potion of magic.
Magic courses through your body.
Drink which item? (? for menu, Esc to quit)
It was a potion of berserk rage.
A red film seems to cover your vision as you go berserk!
You feel yourself moving faster!
You feel mighty!
You are too berserk!
You feel a strong urge to attack something.
You feel your anger subside.
You are no longer berserk.
You pass out from exhaustion.
You feel yourself slow down.
You are feeling hungry.
The spiny frog stings you!
You die...

÷...............[................
....###...##.............#....##.
.....P.....#........##.#........
...........#...................%.
.................................
............+#......#P...........
#......................#.........
..#......##.8...#F.#.............
..##..... ...#.@.##...#P......#.
...##...# ..#...................
.......... .#....................
.#....8.. #.....................
..#..F... .#.....................
†.#.8...8 #......................
.##..... .........#...P##.......
## ...8 ####..#.#............. #
.. #....#.............


You could see a spiny frog.

Vanquished Creatures
  The ghost of anything the Whirler, a powerful HaHu of Gozag (D:8)
  Pikel (D:7)
  3 spiny frogs (Lair:1)
  The ghost of Virusyak the Tainter, an experienced NaVM (D:4)
  10 yaks
  A deep elf mage (D:9)
  Eustachio (D:7)
  2 hippogriffs (Lair:1)
  A deep elf fighter (D:9)
  Edmund (D:6)
  3 porcupines (Lair:1)
  3 orc warriors
  A black bear (D:5)
  An ice beast (D:7)
  A sky beast (D:7)
  A phantom (D:9)
  4 centaurs
  7 ogres
  Sigmund (D:6)
  Duvessa (D:6)
  5 giant frogs
  A big kobold (D:7)
  3 crocodiles
  4 scorpions
  Dowan (D:6)
  3 jellies
  2 quasits
  2 crimson imps
  3 orc priests
  7 hounds
  Crazy Yiuf (D:6)
  6 iguanas
  10 orc wizards
  A giant frog skeleton (D:9)
  3 centaur skeletons
  Natasha (D:3)
  5 sheep (Lair:1)
  8 worker ants
  Ijyb (D:6)
  A mummy (D:7)
  11 adders
  42 river rats
  2 shadow imps
  2 worms (D:4)
  4 giant geckos
  An ooze (D:3)
  26 orcs
  A ball python (D:2)
  27 bats
  9 giant cockroaches
  11 goblins
  15 hobgoblins
  7 jackals
  12 kobolds
  9 quokkas
  2 giant newts
  A quokka skeleton (D:8)
  29 rats
324 creatures vanquished.

Vanquished Creatures (collateral kills)
  An ogre (D:4)
  An adder (D:2)
  A worm (D:3)
  4 orcs
  A bat (D:7)
  A giant cockroach (D:2)
  3 quokkas
  A giant newt (D:4)
  A goblin (D:5)
  A rat (D:5)
15 creatures vanquished.

Vanquished Creatures (others)
  2 slaves (D:7)
  2 ogres (D:7)
  A hound (D:7)
  A jelly (D:7)
  A worker ant (D:7)
  A white imp (Lair:1)
  An orc (D:7)
  A bat (D:7)
  A hobgoblin (D:7)
  A kobold (D:7)
  A rat (D:7)
13 creatures vanquished.

Grand Total: 352 creatures vanquished

Notes
Turn   | Place    | Note
--------------------------------------------------------------
     0 | D:1      | Huymann, the High Elf Wizard, began the quest for the Orb.
     0 | D:1      | Reached XP level 1. HP: 11/11 MP: 5/5
   289 | D:1      | Reached skill level 4 in Spellcasting
   345 | D:1      | Reached XP level 2. HP: 17/17 MP: 6/8
   607 | D:1      | Learned a level 2 spell: Blink
  1162 | D:1      | Learned a level 2 spell: Call Imp
  1399 | D:1      | Reached XP level 3. HP: 21/21 MP: 8/11
  1707 | D:1      | Learned a level 3 spell: Mephitic Cloud
  2365 | D:2      | Reached skill level 1 in Air Magic
  2376 | D:2      | Found a shattered altar of Ashenzari.
  2386 | D:2      | Saw a vision of the Shoals and the Spider Nest.
  2386 | D:2      | Noticed a sea snake
  2386 | D:2      | Noticed a sea snake
  2386 | D:2      | Noticed a merfolk
  2386 | D:2      | Noticed a merfolk
  2386 | D:2      | Noticed a sea snake
  2386 | D:2      | Noticed a spider
  2386 | D:2      | Noticed a scorpion
  2387 | D:2      | Noticed a siren
  2387 | D:2      | Noticed a merfolk
  2387 | D:2      | Noticed a redback
  2769 | D:2      | Found a deep blue altar of Sif Muna.
  2869 | D:2      | Reached skill level 1 in Summonings
  2869 | D:2      | Reached XP level 4. HP: 27/27 MP: 8/15
  3633 | D:2      | Learned a level 3 spell: Conjure Flame
  4228 | D:3      | Reached XP level 5. HP: 21/32 MP: 3/17
  4364 | D:3      | Noticed Natasha
  4378 | D:3      | Killed Natasha
  4378 | D:3      | Reached skill level 5 in Spellcasting
  4582 | D:3      | Noticed Grinder
  4719 | D:4      | Noticed an ogre
  4719 | D:4      | Noticed Virusyak's ghost (experienced NaVM)
  4740 | D:4      | Killed Virusyak's ghost
  4740 | D:4      | Reached skill level 1 in Fighting
  4740 | D:4      | Reached XP level 6. HP: 37/38 MP: 4/20
  4990 | D:4      | Noticed an ogre
  4990 | D:4      | Noticed an ogre
  5001 | D:4      | Killed an ogre
  5001 | D:4      | Reached XP level 7. HP: 43/43 MP: 4/22
  5002 | D:4      | Killed an ogre
  5002 | D:4      | Reached skill level 6 in Spellcasting
  5019 | D:4      | Killed an ogre
  5874 | D:5      | Entered Level 5 of the Dungeon
  6240 | D:5      | Got a polished leather armour
  6251 | D:5      | Identified the +3 leather armour of Mnoch {-Cast +Blink rF+ Str+3 Dex+2} (You found it on level 5 of the Dungeon)
  6412 | D:5      | Found Yfukueru's Jewellery Boutique.
  6421 | D:5      | Bought an uncursed ring of poison resistance for 220 gold pieces
  6436 | D:5      | Reached XP level 8. HP: 50/50 MP: 10/24
  6581 | D:5      | Found a blossoming altar of Fedhas.
  7009 | D:5      | Reached skill level 1 in Short Blades
  7403 | D:6      | Noticed Duvessa
  7403 | D:6      | Noticed Dowan
  7422 | D:6      | Killed Dowan
  7434 | D:6      | Reached skill level 5 in Dodging
  7444 | D:6      | Killed Duvessa
  7545 | D:6      | Noticed Edmund
  7557 | D:6      | Noticed Ijyb
  7562 | D:6      | Killed Edmund
  7562 | D:6      | Reached skill level 5 in Conjurations
  7568 | D:6      | Reached skill level 5 in Air Magic
  7578 | D:6      | Killed Ijyb
  7801 | D:6      | Found a stormy altar of Qazlal.
  7926 | D:6      | Reached skill level 5 in Stealth
  7926 | D:6      | Reached skill level 1 in Poison Magic
  7941 | D:6      | Reached XP level 9. HP: 43/57 MP: 23/26
  8154 | D:6      | Noticed Sigmund
  8176 | D:6      | Killed Sigmund
  8176 | D:6      | Reached skill level 7 in Spellcasting
  8243 | D:6      | Noticed Crazy Yiuf
  8249 | D:6      | Killed Crazy Yiuf
  8499 | D:7      | Noticed Pikel
  8505 | D:7      | Killed Pikel
  8505 | D:7      | Reached skill level 1 in Bows
  8911 | D:7      | Noticed Eustachio
  8929 | D:7      | Killed Eustachio
  8945 | D:7      | Found a glowing golden altar of the Shining One.
  9301 | D:7      | Found a staircase to the Ecumenical Temple.
  9312 | Temple   | Entered the Ecumenical Temple
  9331 | Temple   | Became a worshipper of Warmaster Okawaru
  9508 | D:7      | Found a glowing golden altar of the Shining One.
  9509 | D:7      | Found a shattered altar of Ashenzari.
  9792 | D:8      | Found Jaotau's Antique Weapon Shoppe.
  9801 | D:8      | Noticed anything's ghost (powerful HaHu)
  9836 | D:8      | Killed anything's ghost
  9836 | D:8      | Acquired Okawaru's first power
  9836 | D:8      | Reached skill level 1 in Armour
  9836 | D:8      | Reached XP level 10. HP: 41/65 MP: 8/28
 11237 | D:9      | Reached skill level 8 in Dodging
 11270 | D:9      | Found a staircase to the Orcish Mines.
 11275 | D:9      | Found Urghiedeoc's Weapon Shoppe.
 11339 | D:9      | Found a radiant altar of Vehumet.
 11340 | D:9      | Found a burning altar of Makhleb.
 11825 | D:9      | Found a staircase to the Lair.
 11847 | Lair:1   | Entered Level 1 of the Lair of Beasts
 12056 | Lair:1   | Reached skill level 5 in Fighting
 12094 | Lair:1   | Reached XP level 11. HP: 35/71 MP: 20/29
 12663 | Lair:1   | HP: 1/72 [spiny frog (15)]
 12689 | Lair:1   | Slain by a spiny frog

Action                   |  1- 3 |  4- 6 |  7- 9 | 10-12 || total
-------------------------+-------+-------+-------+-------++-------
Melee: Dagger            |    89 |    71 |   224 |   161 ||   545
       Short sword       |       |       |    25 |       ||    25
       Rapier            |       |       |    40 |   127 ||   167
       Quarterstaff      |       |       |    15 |    14 ||    29
 Fire: Shortbow          |       |       |     4 |    45 ||    49
Throw: Tomahawk          |       |       |       |     5 ||     5
 Cast: Magic Dart        |    64 |    85 |    61 |    12 ||   222
       Call Imp          |     6 |    13 |     9 |     1 ||    29
       Blink             |     1 |     2 |     9 |     8 ||    20
       Conjure Flame     |       |     9 |    19 |    10 ||    38
       Mephitic Cloud    |       |     7 |    49 |    33 ||    89
Evoke: Wand              |       |       |     1 |     1 ||     2
  Use: Scroll            |     5 |     2 |     8 |     8 ||    23
       Potion            |       |     1 |       |     4 ||     5
 Stab: Sleeping          |     4 |     1 |     6 |     3 ||    14
       Confused          |       |       |    16 |    15 ||    31
       Distracted        |       |       |     2 |     1 ||     3
       Invisible         |       |       |     1 |       ||     1
       Paralysed         |       |       |     1 |       ||     1
  Eat: Chunk             |     5 |     8 |    14 |     6 ||    33
       Royal jelly       |       |       |     1 |       ||     1
       Fruit             |       |       |       |     2 ||     2
       Beef jerky        |       |       |       |     1 ||     1
